% Time on Ice - SEATTLE GRUNGE
Lines # - Real PCT - Wanted PCT - Time Play
Normal Forward
1 - 30% - 36% - 14:51
2 - 27% - 31% - 13:10
3 - 26% - 23% - 12:48
4 - 16% - 10% - 7:59
Normal Defense
1 - 33% - 36% - 16:01
2 - 31% - 31% - 15:16
3 - 29% - 23% - 14:21
4 - 6% - 10% - 3:10
PP Forward
1 - 43% - 55% - 1:43
2 - 57% - 45% - 2:15
PP Defense
1 - 19% - 55% - 0:45
2 - 81% - 45% - 3:13
PK Forward
1 - 60% - 55% - 4:20
2 - 40% - 45% - 2:54
PK Defense
1 - 56% - 55% - 4:05
2 - 44% - 45% - 3:09
PK3 Forward
1 - 90% - 55% - 0:38
2 - 10% - 45% - 0:04
PK3 Defense
1 - 74% - 55% - 0:31
2 - 26% - 45% - 0:11
44 Forward
1 - 0% - 55%
2 - 0% - 45%
44 Defense
1 - 0% - 55%
2 - 0% - 45%
Last Minute Offensive  - 0:00
Last Minute Defensive  - 0:00
Total
Forward - 60:42
Defense - 60:42
% Time on Ice - LOS ANGELES SEALS
Lines # - Real PCT - Wanted PCT - Time Play
Normal Forward
1 - 35% - 36% - 16:57
2 - 29% - 31% - 14:06
3 - 25% - 26% - 12:04
4 - 12% - 7% - 5:41
Normal Defense
1 - 33% - 36% - 16:09
2 - 33% - 31% - 16:05
3 - 25% - 23% - 12:21
4 - 9% - 10% - 4:13
PP Forward
1 - 58% - 55% - 4:13
2 - 42% - 45% - 3:01
PP Defense
1 - 61% - 55% - 4:24
2 - 39% - 45% - 2:50
PK Forward
1 - 52% - 55% - 2:04
2 - 48% - 45% - 1:54
PK Defense
1 - 79% - 55% - 3:07
2 - 21% - 45% - 0:51
PK3 Forward
1 - 0% - 55%
2 - 0% - 45%
PK3 Defense
1 - 0% - 55%
2 - 0% - 45%
44 Forward
1 - 100% - 55% - 0:42
2 - 0% - 45% - 0:00
44 Defense
1 - 52% - 55% - 0:22
2 - 48% - 45% - 0:20
Last Minute Offensive  - 0:00
Last Minute Defensive  - 0:00
Total
Forward - 60:42
Defense - 60:42
Play-by-Play 1st period 0:01 of 1st period - Tyler Seguin wins face-off versus Claude Giroux in neutral zone. 0:22 of 1st period - Shot by Nikita Kucherov. 0:22 of 1st period - Stopped by Karel Vejmelka without a rebound. 0:23 of 1st period - Mikael Backlund wins face-off versus Travis Boyd in SEATTLE GRUNGE zone. 0:50 of 1st period - Shot by Travis Boyd. 0:50 of 1st period - Shot Blocked by Ben Chiarot. 0:56 of 1st period - Shot by Jimmy Vesey. 0:56 of 1st period - Shot Misses the Net. 1:13 of 1st period - Off-side. 1:14 of 1st period - Curtis Lazar wins face-off versus Dylan Strome in neutral zone. 1:17 of 1st period - Shot by Jakub Vrana. 1:17 of 1st period - Shot Misses the Net. 1:19 of 1st period - Shot by Alexey Toropchenko. 1:19 of 1st period - Stopped by Carter Hart with a rebound. 1:21 of 1st period - Shot by Curtis Lazar. 1:21 of 1st period - Stopped by Carter Hart without a rebound. 1:21 of 1st period - Minor Penalty to Brandon Carlo for Goalie Interference. 1:22 of 1st period - Tyler Seguin wins face-off versus Nick Bonino in LOS ANGELES SEALS zone. 1:22 of 1st period - Tyler Seguin is hit by Alex Goligoski. 1:47 of 1st period - William Nylander is hit by Alex Goligoski and loses puck. 1:54 of 1st period - Shot by Tyler Seguin. 1:54 of 1st period - Shot Misses the Net. 2:00 of 1st period - Shot by William Nylander. 2:00 of 1st period - Shot Blocked by Jake Evans. 2:02 of 1st period - Shot by Warren Foegele. 2:02 of 1st period - Stopped by Carter Hart without a rebound. 2:03 of 1st period - Mikael Backlund wins face-off versus Travis Boyd in LOS ANGELES SEALS zone. 2:03 of 1st period - Mikael Backlund is hit by Morgan Geekie. 2:19 of 1st period - Shot by Jimmy Vesey. 2:19 of 1st period - Stopped by Carter Hart without a rebound. 2:20 of 1st period - Mikael Backlund wins face-off versus Travis Boyd in LOS ANGELES SEALS zone. 2:20 of 1st period - Mikael Backlund is hit by Morgan Geekie. 2:29 of 1st period - Icing by Kaiden Guhle. 2:30 of 1st period - Travis Boyd wins face-off versus Mikael Backlund in SEATTLE GRUNGE zone. 4:10 of 1st period - Shot by Tyler Seguin. 4:10 of 1st period - Shot Blocked by Brandon Carlo. 4:12 of 1st period - Shot by Warren Foegele. 4:12 of 1st period - Shot Misses the Net. 4:14 of 1st period - Shot by Warren Foegele. 4:14 of 1st period - Stopped by Carter Hart with a rebound. 4:16 of 1st period - Shot by Warren Foegele. 4:16 of 1st period - Stopped by Carter Hart without a rebound. 4:17 of 1st period - Dylan Strome wins face-off versus Chris Tierney in LOS ANGELES SEALS zone. 4:17 of 1st period - Dylan Strome is hit by Connor Dewar. 4:29 of 1st period - Off-side. 4:30 of 1st period - Tyler Seguin wins face-off versus Mikael Backlund in neutral zone. 5:30 of 1st period - William Nylander is hit by Owen Tippett and loses puck. 5:50 of 1st period - Shot by Owen Tippett. 5:50 of 1st period - Shot Blocked by Travis Sanheim. 7:20 of 1st period - Shot by Alexey Toropchenko. 7:20 of 1st period - Goal by Alexey Toropchenko - SEATTLE GRUNGE : 1 - LOS ANGELES SEALS : 0. 7:21 of 1st period - Mikael Backlund wins face-off versus Chris Tierney in neutral zone. 8:24 of 1st period - Icing by Rem Pitlick. 8:25 of 1st period - Dylan Strome wins face-off versus Chris Tierney in SEATTLE GRUNGE zone. 8:54 of 1st period - Icing by Nikita Zaitsev. 8:55 of 1st period - Travis Boyd wins face-off versus David Krejci in SEATTLE GRUNGE zone. 9:15 of 1st period - Icing by Jimmy Vesey. 9:16 of 1st period - Travis Boyd wins face-off versus Mason McTavish in SEATTLE GRUNGE zone. 11:09 of 1st period - Shot by Nikita Kucherov. 11:09 of 1st period - Deflect By Claude Giroux. 11:09 of 1st period - Shot Hit the Post. 11:11 of 1st period - Shot by Nikita Kucherov. 11:11 of 1st period - Shot Misses the Net. 11:27 of 1st period - Shot by Claude Giroux. 11:27 of 1st period - Deflect By Nikita Kucherov. 11:27 of 1st period - Shot Misses the Net. 11:29 of 1st period - Shot by David Krejci. 11:29 of 1st period - Stopped by Karel Vejmelka without a rebound. 11:30 of 1st period - Travis Boyd wins face-off versus Jonathan Audy-Marchessault in SEATTLE GRUNGE zone. 11:36 of 1st period - Travis Boyd is hit by Drew Doughty and loses puck. 11:53 of 1st period - Shot by Mikael Backlund. 11:53 of 1st period - Shot Misses the Net. 12:07 of 1st period - Shot by Matthew Boldy. 12:07 of 1st period - Stopped by Karel Vejmelka without a rebound. 12:08 of 1st period - Curtis Lazar wins face-off versus David Krejci in SEATTLE GRUNGE zone. 12:33 of 1st period - Shot by Alexey Toropchenko. 12:33 of 1st period - Shot Misses the Net. 12:35 of 1st period - Shot by Nick Seeler. 12:35 of 1st period - Goal by Nick Seeler - SEATTLE GRUNGE : 2 - LOS ANGELES SEALS : 0. 12:36 of 1st period - Dylan Strome wins face-off versus Chris Tierney in neutral zone. 12:49 of 1st period - Shot by Dylan Strome. 12:49 of 1st period - Stopped by Karel Vejmelka with a rebound. 13:02 of 1st period - Shot by Owen Tippett. 13:02 of 1st period - Goal by Owen Tippett - SEATTLE GRUNGE : 2 - LOS ANGELES SEALS : 1. 13:03 of 1st period - David Krejci wins face-off versus Warren Foegele in neutral zone. 13:25 of 1st period - William Borgen is hit by Nikita Kucherov and loses puck. 13:30 of 1st period - Shot by Nikita Kucherov. 13:30 of 1st period - Shot Misses the Net. 13:46 of 1st period - Shot by Claude Giroux. 13:46 of 1st period - Shot Misses the Net. 14:01 of 1st period - Icing by William Nylander. 14:02 of 1st period - Mikael Backlund wins face-off versus Tyler Seguin in SEATTLE GRUNGE zone. 14:27 of 1st period - Kaiden Guhle is hit by Mikael Backlund and loses puck. 14:34 of 1st period - Shot by Jimmy Vesey. 14:34 of 1st period - Stopped by Carter Hart without a rebound. 14:35 of 1st period - Dylan Strome wins face-off versus Curtis Lazar in LOS ANGELES SEALS zone. 14:37 of 1st period - Owen Tippett is hit by Curtis Lazar and loses puck. 14:41 of 1st period - Brandon Carlo is hit by Brett Kulak and loses puck. 14:52 of 1st period - Shot by Owen Tippett. 14:52 of 1st period - Deflect By Dylan Strome. 14:52 of 1st period - Stopped by Karel Vejmelka without a rebound. 14:53 of 1st period - David Krejci wins face-off versus Travis Boyd in SEATTLE GRUNGE zone. 15:51 of 1st period - Shot by Mikael Backlund. 15:51 of 1st period - Shot Misses the Net. 16:01 of 1st period - Shot by Jonathan Audy-Marchessault. 16:01 of 1st period - Shot Blocked by Kaiden Guhle. 16:03 of 1st period - Shot by Brandon Carlo. 16:03 of 1st period - Stopped by Karel Vejmelka without a rebound. 16:04 of 1st period - Curtis Lazar wins face-off versus Dylan Strome in SEATTLE GRUNGE zone. 16:25 of 1st period - Shot by Curtis Lazar. 16:25 of 1st period - Stopped by Carter Hart without a rebound. 16:26 of 1st period - Mikael Backlund wins face-off versus Tyler Seguin in LOS ANGELES SEALS zone. 16:33 of 1st period - Icing by Nick Seeler. 16:34 of 1st period - Mikael Backlund wins face-off versus Tyler Seguin in SEATTLE GRUNGE zone. 16:55 of 1st period - Shot by William Nylander. 16:55 of 1st period - Shot Misses the Net. 16:57 of 1st period - Shot by Nick Seeler. 16:57 of 1st period - Stopped by Carter Hart without a rebound. 16:58 of 1st period - Dylan Strome wins face-off versus Curtis Lazar in LOS ANGELES SEALS zone. 17:34 of 1st period - Curtis Lazar is hit by Dylan Strome and loses puck. 17:44 of 1st period - Shot by Nick Bonino. 17:44 of 1st period - Shot Blocked by Brett Kulak. 17:51 of 1st period - Icing by Travis Sanheim. 17:52 of 1st period - David Krejci wins face-off versus Curtis Lazar in SEATTLE GRUNGE zone. 17:55 of 1st period - Shot by David Krejci. 17:55 of 1st period - Shot Misses the Net. 19:03 of 1st period - Morgan Geekie is hit by Claude Giroux and loses puck. 19:07 of 1st period - Icing by Kaiden Guhle. 19:08 of 1st period - Mikael Backlund wins face-off versus Travis Boyd in SEATTLE GRUNGE zone. 19:34 of 1st period - Icing by Brandon Carlo. 19:35 of 1st period - Mikael Backlund wins face-off versus Tyler Seguin in LOS ANGELES SEALS zone. 19:40 of 1st period - Shot by Matthew Boldy. 19:40 of 1st period - Stopped by Karel Vejmelka without a rebound. 19:41 of 1st period - Tyler Seguin wins face-off versus Dylan Strome in SEATTLE GRUNGE zone. 19:49 of 1st period - Icing by Nick Bonino. 19:50 of 1st period - Dylan Strome wins face-off versus Warren Foegele in LOS ANGELES SEALS zone. 19:52 of 1st period - Icing by Owen Tippett. 19:53 of 1st period - Dylan Strome wins face-off versus Tyler Seguin in LOS ANGELES SEALS zone. Goals for this period are 2 for SEATTLE GRUNGE vs 1 for LOS ANGELES SEALS. Shots for this period are 11 for SEATTLE GRUNGE vs 8 for LOS ANGELES SEALS. 2nd period 0:01 of 2nd period - Tyler Seguin wins face-off versus Mikael Backlund in neutral zone. 0:01 of 2nd period - William Nylander is hit by Jonathan Audy-Marchessault and loses puck. 0:12 of 2nd period - Shot by Matthew Boldy. 0:12 of 2nd period - Stopped by Karel Vejmelka without a rebound. 0:13 of 2nd period - Travis Boyd wins face-off versus Mason McTavish in SEATTLE GRUNGE zone. 0:21 of 2nd period - Icing by Kaiden Guhle. 0:22 of 2nd period - Mikael Backlund wins face-off versus Travis Boyd in SEATTLE GRUNGE zone. 0:23 of 2nd period - Shot by Matthew Boldy. 0:23 of 2nd period - Stopped by Karel Vejmelka without a rebound. 0:24 of 2nd period - Tyler Seguin wins face-off versus Matthew Boldy in SEATTLE GRUNGE zone. 0:54 of 2nd period - Icing by Matthew Boldy. 0:55 of 2nd period - Mikael Backlund wins face-off versus Curtis Lazar in LOS ANGELES SEALS zone. 1:45 of 2nd period - Off-side. 1:46 of 2nd period - Tyler Seguin wins face-off versus Dylan Strome in neutral zone. 1:53 of 2nd period - Shot by Tyler Seguin. 1:53 of 2nd period - Shot Misses the Net. 2:16 of 2nd period - Icing by Nick Bonino. 2:17 of 2nd period - Dylan Strome wins face-off versus Morgan Geekie in LOS ANGELES SEALS zone. 2:35 of 2nd period - Shot by Owen Tippett. 2:35 of 2nd period - Shot Blocked by William Borgen. 3:08 of 2nd period - Icing by Nikita Zaitsev. 3:09 of 2nd period - David Krejci wins face-off versus Curtis Lazar in SEATTLE GRUNGE zone. 4:22 of 2nd period - Icing by Drew Doughty. 4:23 of 2nd period - David Krejci wins face-off versus Travis Boyd in LOS ANGELES SEALS zone. 4:25 of 2nd period - Claude Giroux is hit by Jimmy Vesey and loses puck. 4:51 of 2nd period - Off-side. 4:52 of 2nd period - Tyler Seguin wins face-off versus Mason McTavish in neutral zone. 5:03 of 2nd period - Shot by Tyler Seguin. 5:03 of 2nd period - Stopped by Car